 Dungeon Sprint DCSS version 0.26-a0-846-gcc8f1ee719 (webtiles) character file.

Game seed: 8625530007596758866

13965 rocky1 the Earth Mage (level 12, -16/67 HPs)
             Began as a Gargoyle Earth Elementalist on Nov 20, 2020.
             Was the Champion of Sif Muna.
             Demolished by an alligator snapping turtle (44 damage)
             ... in the Dungeon (Sprint VII: "The Pits").
             The game lasted 00:20:14 (3004 turns).

rocky1 the Earth Mage (Gargoyle Earth Elementalist) Turns: 3004, Time: 00:20:15

Health: -16/67     AC: 11    Str: 16    XL:     12   Next: 11%
Magic:  16/26      EV: 18    Int: 20    God:    Sif Muna [******]
Gold:   28         SH:  0    Dex: 13    Spells: 19/32 levels left

rFire    . . .     SeeInvis .   t - +2 morningstar (protect)
rCold    . . .     Faith    .   (no shield)
rNeg     + . .     Spirit   .   c - +0 robe
rPois    ∞         Reflect  .   s - +0 helmet
rElec    +         Harm     .   (no cloak)
rCorr    .         Rampage  .   (no gloves)
MR       .....     NoTele   +   (no boots)
Stlth    ++........             (no amulet)
HPRegen  0.21/turn              p - +3 ring of dexterity
MPRegen  0.20/turn              q - +3 ring of strength

@: no status effects
A: negative energy resistance 1, electricity resistance, unbreathing,
petrification resistance, rot immunity, AC +8
a: Channel Magic, Forget Spell, Divine Exegesis, Renounce Religion


You were in the Dungeon.
You worshipped Sif Muna.
Sif Muna was exalted by your worship.
You visited 1 branch You collected 28 gold pieces.

Inventory:

Hand Weapons
 t - a +2 morningstar of protection (weapon)
Missiles
 b - 58 stones (quivered)
Armour
 c - a +0 robe (worn)
 o - a +3 ring mail
 s - a +0 helmet (worn)
Jewellery
 m - an uncursed ring of protection from fire
 n - an uncursed ring of positive energy
 p - a +3 ring of dexterity (left hand)
 q - a +3 ring of strength (right hand)
Scrolls
 i - 2 scrolls of blinking
 j - 3 scrolls of remove curse
 k - 5 scrolls of amnesia
 l - a scroll of summoning
 u - 2 scrolls of fog
 w - a scroll of fear
 y - 4 scrolls of enchant weapon
Potions
 a - 2 potions of invisibility
 d - 10 potions of curing
 e - 12 potions of heal wounds
 f - a potion of haste
 g - 2 potions of magic
 h - 7 potions of berserk rage
 r - 2 potions of might
 v - 2 potions of brilliance
 x - a potion of resistance


   Skills:
 + Level 4.3 Fighting
 + Level 3.8 Maces & Flails
 + Level 10.0 Dodging
 - Level 2.1 Stealth
 + Level 10.9 Spellcasting
 + Level 10.8 Conjurations
 - Level 6.1 Transmutations
 + Level 20.3 Earth Magic
 + Level 12.5 Invocations


You had 19 spell levels left.
You knew the following spells:

 Your Spells              Type           Power        Failure   Level
a - Sandblast             Erth           ######       0%          1
b - Stone Arrow           Conj/Erth      ######       1%          3
c - Lee's Rapid Deconstr  Erth           #######...   1%          5
d - Petrify               Tmut/Erth      ######..     1%          4

Your spell library contained the following spells:

 Spells                   Type           Power        Failure   Level
 Beastly Appendage        Tmut           #####.       1%          1
 Foxfire                  Conj/Fire      ####         1%          1
 Magic Dart               Conj           ####         1%          1
 Passwall                 Tmut/Erth      ######..     1%          2
 Searing Ray              Conj           ######       1%          2
 Wereblood                Tmut           #####...     1%          2
 Dazzling Flash           Conj/Hex       ####..       1%          3
 Static Discharge         Conj/Air       ####....     1%          3
 Iskenderun's Battlesphe  Conj           ######..     1%          5
 Iron Shot                Conj/Erth      ######....   1%          6
 Bolt of Magma            Conj/Fire/Erth ######....   2%          5
 Irradiate                Conj/Tmut      #####.....   5%          5
 Fulminant Prism          Conj/Hex       ####......   7%          4
 Iskenderun's Mystic Bla  Conj/Tloc      ####....     7%          4
 Sticky Flame             Conj/Fire      ####....     7%          4
 Ignite Poison            Fire/Tmut/Pois ###.....     9%          3
 Corpse Rot               Necr/Air       N/A          10%         2
 Ensorcelled Hibernation  Hex/Ice        ##....       10%         2
 Poisonous Vapours        Pois/Air       ##....       10%         2
 Blade Hands              Tmut           #####.....   14%         5
 Summon Guardian Golem    Hex/Summ       ##......     19%         3
 Fireball                 Conj/Fire      ####......   19%         5
 Lightning Bolt           Conj/Air       ####......   19%         5
 Alistair's Intoxication  Tmut/Pois      ###......    45%         5
 Yara's Violent Unravell  Hex/Tmut       ###.......   45%         5
 Airstrike                Air            ##........   54%         4
 Animate Dead             Necr           ##........   54%         4
 Summon Lightning Spire   Summ/Air       ##......     54%         4
 Orb of Destruction       Conj           ######....   54%         7
 Lehudib's Crystal Spear  Conj/Erth      ######....   56%         8
 Conjure Ball Lightning   Conj/Air       ####......   71%         6
 Shatter                  Erth           #######...   83%         9
 Summon Demon             Summ           ##........   87%         5
 Eringya's Noxious Bog    Tmut/Pois      ###.......   95%         6
 Haunt                    Necr/Summ      ##........   100%        7
 Chain Lightning          Conj/Air       ####......   100%        8
 Discord                  Hex            ##........   100%        8
 Summon Horrible Things   Summ           ##........   100%        8
 Tornado                  Air            ##........   100%        9


Dungeon Overview and Level Annotations

Branches:
Dungeon (1/1)

Altars:
Ashenzari
Cheibriados
Dithmenos
Elyvilon
Fedhas
Gozag
Hepliaklqana
Kikubaaqudgha
Makhleb
Nemelex Xobeh
Okawaru
Qazlal
Ru
Sif Muna
Trog
Uskayaw
Vehumet
Wu Jian
Xom
Yredelemnul
Zin
The Shining One
Beogh
Jiyva
Lugonu


Innate Abilities, Weirdness & Mutations

You are resistant to torment.
Your stone body is resilient. (AC +8)
You are immune to poison.
You resist negative energy. (rN+)
You are resistant to electric shocks. (rElec)
You can survive without breathing.
You are immune to petrification.
You are immune to rotting.


Message History

A metal wall.
The metal wall shatters!
The blast of metal fragments hits something!!
The blast of metal fragments hits the alligator snapping turtle!
The alligator snapping turtle is heavily wounded.
Something closely misses you.
Casting: Lee's Rapid Deconstruction (safe; 1% risk of failure)
Confirm with . or Enter, or press ? or * to list all spells.
Aiming: Lee's Rapid Deconstruction (safe; 1% risk of failure)
Press: ? - help, Dir - move target cursor A metal wall.
The metal wall shatters!
The blast of metal fragments hits something!!
Sif Muna accepts your kill.
You feel a bit more experienced.
The blast of metal fragments hits the alligator snapping turtle!!
The alligator snapping turtle is severely wounded.
The alligator snapping turtle bites you from afar!!!
Ouch! That really hurt!
You die...

....#..# .......# .......#
....#..# .......+ ..†....+
'####''#
'####''########################
...##)).........@§t§§.t........
##.##...........§§§§§..........
+.##..##############++########
#.##..# +.##[.# #.##..#
+#.##..# ...##..# #####..#


You could see an alligator snapping turtle.

Vanquished Creatures
  3 hydras (D)
  A sun demon (D)
  3 shadow wraiths (D)
  A spriggan druid (D)
  A flayed ghost (D)
  A lindwurm (D)
  2 phantasmal warriors (D)
  2 deep elf magi (D)
  A merfolk siren (D)
  A black mamba (D)
  A gargoyle (D)
  A smoke demon (D)
  An orange demon (D)
  A kobold demonologist (D)
  A tyrant leech (D)
  A hornet (D)
  A polar bear (D)
  Sigmund (D)
  2 spriggans (D)
  A wraith (D)
  A water elemental (D)
  4 yaks (D)
  A steam dragon (D)
  A warg (D)
  5 vampire mosquitoes (D)
  A chaos spawn (D)
  A soldier ant (D)
  2 acid dragons (D)
  3 water moccasins (D)
  A floating eye (D)
  Purgy (D)
  An ice beast (D)
  A black bear (D)
  An eye of draining (D)
  A wolf (D)
  A centaur (D)
  A big kobold (D)
  An earth elemental (D)
  2 scorpions (D)
  6 killer bees (D)
  A quasit (D)
  An orc priest (D)
  An orc wizard (D)
  Ijyb (D)
  An iguana (D)
  A worker ant (D)
  3 river rats (D)
  An ufetubus (D)
  An ooze (D)
  A worm (D)
  A leopard gecko (D)
  An orc (D)
  3 bat skeletons (D)
  A giant cockroach (D)
  A goblin (D)
  A hobgoblin (D)
  3 jackals (D)
  6 kobolds (D)
92 creatures vanquished.

Notes
Turn   | Place    | Note
-------+----------+-------------------------------------------
     0 | D        | rocky1 the Gargoyle Earth Elementalist began the quest for
                  | the Orb.
     0 | D        | Reached XP level 1. HP: 10/10 MP: 3/3
    11 | D        | Noticed a floating eye
    17 | D        | Paralysed by a floating eye for 4 turns
    29 | D        | Paralysed by a floating eye for 3 turns
    32 | D        | Killed a floating eye
    33 | D        | Reached skill level 11 in Earth Magic
    33 | D        | Reached XP level 2. HP: 15/15 MP: 5/5
    33 | D        | Reached XP level 3. HP: 19/19 MP: 6/6
    33 | D        | Reached XP level 4. HP: 24/24 MP: 7/7
    37 | D        | Found a bloodstained altar of Trog.
    37 | D        | Found a shimmering blue altar of Sif Muna.
    37 | D        | Found a viscous altar of Jiyva.
    37 | D        | Found a hazy altar of Hepliaklqana.
    37 | D        | Found an opulent altar of Gozag.
    38 | D        | Found a glowing golden altar of the Shining One.
    38 | D        | Found a glowing silver altar of Zin.
    38 | D        | Found a basalt altar of Yredelemnul.
    38 | D        | Found a shimmering altar of Xom.
    38 | D        | Found an ornate altar of the Wu Jian Council.
    38 | D        | Found a sacrificial altar of Ru.
    38 | D        | Found a stormy altar of Qazlal.
    38 | D        | Found an iron altar of Okawaru.
    38 | D        | Found a sparkling altar of Nemelex Xobeh.
    38 | D        | Found a burning altar of Makhleb.
    38 | D        | Found a blossoming altar of Fedhas.
    38 | D        | Found a white marble altar of Elyvilon.
    38 | D        | Found a shadowy altar of Dithmenos.
    38 | D        | Found a snail-covered altar of Cheibriados.
    41 | D        | Found a corrupted altar of Lugonu.
    41 | D        | Found a radiant altar of Vehumet.
    41 | D        | Found a roughly hewn altar of Beogh.
    42 | D        | Found an ancient bone altar of Kikubaaqudgha.
    42 | D        | Found a hide-covered altar of Uskayaw.
    42 | D        | Found a broken altar of Ashenzari.
    43 | D        | Became a worshipper of Sif Muna the Loreminder
    86 | D        | Reached * piety under Sif Muna
   194 | D        | Reached skill level 1 in Transmutations
   206 | D        | Reached ** piety under Sif Muna
   207 | D        | Reached skill level 1 in Invocations
   207 | D        | Reached XP level 5. HP: 21/28 MP: 1/8
   503 | D        | Learned a level 3 spell: Stone Arrow
   509 | D        | Learned a level 5 spell: Lee's Rapid Deconstruction
   540 | D        | Noticed a black bear
   541 | D        | Killed a black bear
   541 | D        | Noticed a centaur
   541 | D        | Noticed an ice beast
   542 | D        | Reached XP level 6. HP: 32/32 MP: 4/11
   545 | D        | Noticed Purgy
   550 | D        | Reached *** piety under Sif Muna
   551 | D        | Reached skill level 12 in Earth Magic
   554 | D        | Killed an ice beast
   555 | D        | Reached skill level 5 in Invocations
   564 | D        | Reached skill level 5 in Spellcasting
   564 | D        | Reached XP level 7. HP: 36/36 MP: 2/14
   597 | D        | Killed Purgy
   605 | D        | Reached **** piety under Sif Muna
   639 | D        | Reached skill level 5 in Dodging
   803 | D        | Reached ***** piety under Sif Muna
   803 | D        | Identified Sif Muna's Reference Book on Companions and
                  | Moulding (Sif Muna gifted it to you in the Dungeon)
   803 | D        | Received a gift from Sif Muna
   804 | D        | Reached skill level 13 in Earth Magic
   839 | D        | Noticed a deep elf mage
   839 | D        | Noticed a wraith
   839 | D        | Noticed a phantasmal warrior
   841 | D        | Killed a deep elf mage
   842 | D        | Reached skill level 15 in Earth Magic
   842 | D        | Reached XP level 8. HP: 41/41 MP: 5/16
   847 | D        | Killed a wraith
   848 | D        | Reached skill level 16 in Earth Magic
   853 | D        | Killed a phantasmal warrior
   854 | D        | Reached skill level 17 in Earth Magic
   854 | D        | Reached XP level 9. HP: 17/45 MP: 11/17
  1252 | D        | Noticed Sigmund
  1252 | D        | Noticed an orange demon
  1259 | D        | Killed Sigmund
  1260 | D        | Reached skill level 1 in Fighting
  1260 | D        | Reached skill level 1 in Conjurations
  1260 | D        | Reached skill level 5 in Transmutations
  1260 | D        | Received a gift from Sif Muna
  1261 | D        | Reached skill level 1 in Maces & Flails
  1265 | D        | Killed an orange demon
  1266 | D        | Reached skill level 18 in Earth Magic
  1504 | D        | Noticed a lindwurm
  1517 | D        | Killed a lindwurm
  1518 | D        | Reached XP level 10. HP: 42/58 MP: 13/20
  1621 | D        | Identified Newkag's Volume of Cankerous Conjuration (Sif
                  | Muna gifted it to you in the Dungeon)
  1621 | D        | Received a gift from Sif Muna
  1634 | D        | Noticed Ijyb
  1636 | D        | Killed Ijyb
  1637 | D        | Noticed a gargoyle
  1637 | D        | Noticed a flayed ghost
  1642 | D        | Killed a gargoyle
  1642 | D        | Killed a flayed ghost
  1643 | D        | Reached skill level 5 in Conjurations
  1732 | D        | Noticed a kobold demonologist
  1734 | D        | Identified Sif Muna's Handbook of Evil Hexes (Sif Muna
                  | gifted it to you in the Dungeon)
  1734 | D        | Received a gift from Sif Muna
  1734 | D        | Killed a kobold demonologist
  1823 | D        | Identified Sif Muna's Compendium of Shape Shifting and
                  | Conjuration (Sif Muna gifted it to you in the Dungeon)
  1823 | D        | Received a gift from Sif Muna
  1828 | D        | Killed a shadow wraith
  1828 | D        | Reached ****** piety under Sif Muna
  1829 | D        | Reached skill level 19 in Earth Magic
  1923 | D        | Noticed a merfolk siren
  1924 | D        | Noticed a smoke demon
  1925 | D        | Killed a merfolk siren
  1926 | D        | Reached skill level 10 in Invocations
  1927 | D        | Killed a smoke demon
  1928 | D        | Reached XP level 11. HP: 48/62 MP: 2/23
  2093 | D        | Noticed a sun demon
  2098 | D        | Identified Sif Muna's Collected Works on Mutagenic Evil
                  | Rituals (Sif Muna gifted it to you in the Dungeon)
  2098 | D        | Received a gift from Sif Muna
  2101 | D        | Noticed a deep elf mage
  2105 | D        | Killed a sun demon
  2109 | D        | Killed a deep elf mage
  2110 | D        | Noticed a phantasmal warrior
  2112 | D        | Identified Sif Muna's Grimoire of Weightlessness (Sif Muna
                  | gifted it to you in the Dungeon)
  2112 | D        | Received a gift from Sif Muna
  2115 | D        | Killed a phantasmal warrior
  2132 | D        | Killed a shadow wraith
  2521 | D        | Reached skill level 10 in Spellcasting
  2521 | D        | Noticed a spriggan rider
  2524 | D        | Killed a spriggan rider
  2524 | D        | Identified Sif Muna's Reference Book on the Torrid
                  | Mountains (Sif Muna gifted it to you in the Dungeon)
  2524 | D        | Received a gift from Sif Muna
  2528 | D        | Noticed a spriggan druid
  2535 | D        | Killed a spriggan druid
  2536 | D        | Reached skill level 10 in Conjurations
  2536 | D        | Reached skill level 20 in Earth Magic
  2536 | D        | Noticed an eight-headed hydra
  2536 | D        | Noticed an eight-headed hydra
  2538 | D        | Noticed an eight-headed hydra
  2539 | D        | Killed an eight-headed hydra
  2541 | D        | Killed an eight-headed hydra
  2542 | D        | Reached XP level 12. HP: 24/67 MP: 15/26
  2543 | D        | Killed an eight-headed hydra
  2544 | D        | Reached skill level 10 in Dodging
  2762 | D        | Identified Sif Muna's Papyrus of the Dusty Escort (Sif Muna
                  | gifted it to you in the Dungeon)
  2762 | D        | Received a gift from Sif Muna
  2979 | D        | Learned a level 4 spell: Petrify
  2987 | D        | Noticed an alligator snapping turtle
  3004 | D        | Demolished by an alligator snapping turtle

Illustrated notes

Levels and vault maps discovered:
D:        pitsprint [storerooms_1, entrance_room_1, metal_vault_2, armoury_1,
          mini_pit_1, grid_room_1, main_hall_1, silver_pit, the_coven_3,
          the_vestibule_1, steel_vault_3, golden_pit, hallway_of_sentries,
          crystal_vault_1, iron_vault_5, final_vault]

Skill      XL: |  1  2  3  4  5  6  7  8  9 10 11 12 |
---------------+-------------------------------------+-----
Earth Magic    | 11 12 15 17 18 19 20 | 20.3
Transmutations | 1 3 4 6 |  6.1
Invocations    | 1 3 5 6 7 10 12 | 12.5
Dodging        | 3 4 5 6 8 9 10 | 10.0
Spellcasting   | 3 5 6 8 10 | 10.9
Fighting       | 4 |  4.3
Conjurations   | 4 7 10 | 10.8
Maces & Flails | 3 |  3.8
Stealth        | |  2.1

Action                   |  1- 3 |  4- 6 |  7- 9 | 10-12 || total
-------------------------+-------+-------+-------+-------++-------
Melee: Unarmed           |    15 |       |       |       ||    15
       Mace              |       |    20 |       |       ||    20
       Flail             |       |    13 |     8 |       ||    21
       Morningstar       |       |       |    13 |    55 ||    68
 Cast: Sandblast         |       |    10 |     5 |     7 ||    22
       Lee's Rapid Decon |       |     2 |    20 |    51 ||    73
       Stone Arrow       |       |       |       |     4 ||     4
Invok: Channel Magic     |       |       |     1 |     6 ||     7
  Use: Potion            |       |       |     5 |     4 ||     9
       Scroll            |       |       |       |     2 ||     2
 Stab: Sleeping          |       |     1 |       |       ||     1
Armor: Robe              |       |    24 |    10 |    34 ||    68
Dodge: Dodged            |       |    36 |    34 |    88 ||   158

Table legend: (Time is in decaauts)
 A = Elapsed time spent in this place.
 B = Non-inter-level travel time spent in this place.
 C = Inter-level travel time spent in this place.
 D = Time resting spent in this place.
 E = Time spent auto-exploring this place.
 F = Levels seen in this place.
 G = Mean time per level.
                   A        B        C        D        E       F      G
               +--------+--------+--------+--------+--------+-----+--------+
         Total |   3039 |   3039 |      0 |   1878 |      0 |   1 | 3039.0 |
       Dungeon |   3039 |   3039 |      0 |   1878 |      0 |   1 | 3039.0 |
               +--------+--------+--------+--------+--------+-----+--------+

Top non-repeatable levels by time:
       D: 3039 daAuts
